 Dungeon Crawl Stone Soup version 0.21.1-1-g345015f (webtiles) character file.

114 rlgrobin the Skirmisher (level 4, 0/38 HPs)
             Began as a Barachi Fighter on Feb 5, 2018.
             Slain by an orc wizard
             ... wielding a +0 dagger
              (2 damage)
             ... on level 3 of the Dungeon.
             The game lasted 00:03:34 (1517 turns).

rlgrobin the Skirmisher (Barachi Fighter)           Turns: 1517, Time: 00:03:35

Health: 0/38       AC:  8    Str: 23    XL:     4   Next: 97%
Magic:  0/4        EV:  9    Int:  8    God:
Gold:   70         SH:  5    Dex: 12    Spells: 3/3 levels left

rFire    . . .     SeeInvis .   a - +1 war axe
rCold    . . .     Gourm    .   t - +0 buckler
rNeg     . . .     Faith    .   b - +0 scale mail
rPois    .         Spirit   +   (no helmet)
rElec    .         Reflect  .   (no cloak)
rCorr    .         Harm     .   e - +0 pair of gloves
MR       +....                  (no boots)
Stlth    ..........             k - amulet of guardian spirit
HPRegen  0.12/turn              (no ring)
MPRegen  0.09/turn              r - ring of protection from magic

@: mighty, slow
A: +LOS, swims, slowness 1, strong legs 1
a: Hop


You were on level 3 of the Dungeon.
You were not hungry.

You visited 1 branch of the dungeon, and saw 3 of its levels.

You collected 70 gold pieces.


Innate Abilities, Weirdness & Mutations

Shadows flee at your approach. (+LOS)
You can swim through water.
You cover ground slowly.
You can hop short distances.


   Skills:
 + Level 4.5 Fighting
 + Level 3.2 Axes
 + Level 4.5 Armour
 + Level 4.1 Shields


You had 3 spell levels left.
You didn't know any spells.

Inventory:

Hand Weapons
 a - a +1 war axe (weapon)
Armour
 b - a +0 scale mail (worn)
 c - a +0 shield
 e - a +0 pair of gloves (worn)
 t - a +0 buckler (worn)
Jewellery
 k - an amulet of guardian spirit (around neck)
 r - a ring of protection from magic (right hand)
Scrolls
 g - a scroll of remove curse
 i - a scroll of blinking
 m - a scroll of teleportation {unknown}
Potions
 h - a potion of resistance {unknown}
 j - a potion of heal wounds {unknown}
 l - 2 potions of magic
 n - a potion of berserk rage {unknown}
 s - a potion of agility {unknown}
Comestibles
 f - a ration

Dungeon Overview and Level Annotations

Branches:
Dungeon (3/15)

Altars:

.. ▒.▒ ▒ ▒▒▒. ▒.▒.▒
... ▒.▒.▒ ▒
▒▒.▒▒▒.▒.▒.▒
▒..........▒
▒...<.)....▒
+..........▒.▒
+▒▒▒▒..............
.......)F†.........
.......{)).....▒...
.£.▒▒..........▒ ▒.
.. ............▒
...............▒
.................
.▒.......▒▒▒.▒.▒..
......%..▒ .▒.▒..
....▒▒▒▒▒▒ ▒ ▒


There were no monsters in sight!


Message History

You annihilate the orc!!!
You hear some strange, mumbled words!
Something tries to affect you, but you resist!
You closely miss something!
You hear some strange, mumbled words!
A puff of flame appears from out of thin air!!!
The puff of flame hits you!!! * * * don't die
* * * You take 10 damage, and have 5/38 hp!
MASSIVE DAMAGE!!!!!!
Your scale mail prevents you from hitting something!
Something hits you but does no damage!
You hear some strange, mumbled words!
Something tries to affect you, but you resist!
You miss something! Something hits you but does no damage!
You miss something! Something hits you! * * * don't die
* * * You take 2 damage, and have 3/38 hp!
You barely miss something!
You hear some strange, mumbled words!
A puff of flame appears from out of thin air!!!
The puff of flame hits you!!! Something hits you but does no damage!
You miss something!
You hear some strange, mumbled words!
A magic dart appears from out of thin air!!!
The magic dart hits you!!! * * * don't die
* * * You take 2 damage, and have 2/38 hp!
Unknown command!
You miss something! Something hits you! rip

Action                   |  1- 3 |  4- 6 || total
-------------------------+-------+-------++-------
Melee: War axe           |   115 |    17 ||   132
  Use: Scroll            |     6 |       ||     6
       Potion            |       |     1 ||     1
  Eat: Chunk             |     3 |       ||     3
Armor: Scale mail        |    79 |    16 ||    95
Dodge: Dodged            |    44 |     2 ||    46
Block: Shield            |    62 |       ||    62
       Buckler           |       |     3 ||     3

Vault maps used:
D:1:      minmay_arrival_shoal_huts, hangedman_decor_growths
D:2:      minmay_misc_feat_cross, due_unseen_surprise
D:3:      first_ration, minmay_joined_circles

Notes
Turn   | Place    | Note
-------+----------+-------------------------------------------
     0 | D:1      | rlgrobin the Barachi Fighter began the quest for the Orb.
     0 | D:1      | Reached XP level 1. HP: 18/18 MP: 1/1
   294 | D:1      | Reached XP level 2. HP: 23/25 MP: 2/2
   955 | D:2      | Reached skill level 4 in Fighting
   955 | D:2      | Reached skill level 4 in Armour
   955 | D:2      | Reached XP level 3. HP: 17/30 MP: 3/3
  1496 | D:3      | Reached XP level 4. HP: 37/37 MP: 4/4
  1507 | D:3      | Reached skill level 3 in Axes
  1509 | D:3      | Reached skill level 4 in Shields
  1514 | D:3      | HP: 3/38 [something (2)]
  1517 | D:3      | Slain by an orc wizard

Vanquished Creatures
  2 orc wizards (D:3)
  3 adders (D:2)
  A worm (D:2)
  An orc (D:3)
  3 giant cockroaches
  3 goblins
  2 hobgoblins
  2 jackals (D:1)
  5 bats (D:1)
  A frilled lizard (D:1)
  6 kobolds
  3 rats
32 creatures vanquished.
